 Dungeon Crawl Stone Soup version 0.21-a0-508-gf08a75f26b (webtiles) character file.

284 Kaname the Conjurer (level 6, 6/41 HPs)
             Began as a Demonspawn Wizard on Nov 28, 2017.
             Quit the game on level 4 of the Dungeon.
             The game lasted 00:09:10 (2582 turns).

Kaname the Conjurer (Demonspawn Wizard)             Turns: 2582, Time: 00:09:11

Health: 6/41       AC:  6    Str:  7    XL:     6   Next: 7%
Magic:  0/10       EV: 12    Int: 21    God:
Gold:   173        SH:  0    Dex: 12    Spells: 2/11 levels left

rFire    . . .     SeeInvis .   o - +1 halberd
rCold    . . .     Gourm    .   (shield currently unavailable)
rNeg     . . .     Faith    .   a - +0 robe
rPois    .         Spirit   .   b - +0 hat
rElec    .         Reflect  .   (no cloak)
rCorr    .         Harm     .   i - +0 pair of gloves
MR       .....                  y - +0 pair of boots
Stlth    +++.......             (no amulet)
HPRegen  0.13/turn              c - ring of wizardry
MPRegen  0.12/turn              s - ring of stealth

@: lethally poisoned (6 -> -8)
A: antennae 2, icy blue scales 1
a: no special abilities


You were on level 4 of the Dungeon.
You were near starving.

You visited 1 branch of the dungeon, and saw 4 of its levels.

You collected 173 gold pieces.

Inventory:

Hand Weapons
 o - a +1 halberd (weapon)
Missiles
 w - 7 javelins (quivered)
Armour
 a - a +0 robe (worn)
 b - a +0 hat (worn)
 i - a +0 pair of gloves (worn)
 y - a +0 pair of boots (worn)
Jewellery
 c - a ring of wizardry (left hand)
 s - a ring of stealth (right hand)
 t - an uncursed ring of positive energy
Scrolls
 g - a scroll of magic mapping {unknown}
 h - a scroll of blinking {unknown}
 j - 2 scrolls of enchant weapon
 m - a scroll of enchant armour {unknown}
 p - 5 scrolls of identify {unknown}
 u - a scroll of random uselessness {unknown}
 v - a scroll of teleportation {unknown}
Potions
 e - a potion of brilliance {unknown}
 k - a potion of magic {unknown}
 l - 3 potions of curing {unknown}
 n - a potion of lignification
 q - 2 potions of degeneration {unknown}
 r - a potion of heal wounds {unknown}
Comestibles
 d - 3 bread rations
 f - a royal jelly
 x - a meat ration


   Skills:
 - Level 1.7 Dodging
 - Level 1.7 Stealth
 - Level 3.0 Spellcasting
 + Level 5.6 Conjurations
   Level 1.0 Summonings
 - Level 1.0 Translocations
 - Level 1.0 Air Magic
 - Level 1.4 Poison Magic


You had 2 spell levels left.
You knew the following spells:

 Your Spells              Type           Power        Failure   Level  Hunger
a - Magic Dart            Conj           ####         1%          1    None
b - Blink                 Tloc           N/A          5%          2    ##.....
c - Mephitic Cloud        Conj/Pois/Air  ##......     5%          3    ###....
d - Conjure Flame         Conj/Fire      ##......     4%          3    ###....


Dungeon Overview and Level Annotations

Branches:
Dungeon (4/15)             Temple (0/1) D:4

Altars:


Innate Abilities, Weirdness & Mutations

You have a pair of antennae on your head.
You are partially covered in icy blue scales. (AC +2)


Message History

You feel sick. The worker ant bites you.
* * * LOW HITPOINT WARNING * * *
You are more poisoned.
The worker ant poisons you! The worker ant misses you.
Unknown command.
Casting: Magic Dart
Confirm with . or Enter, or press ? or * to list all spells.
Aiming: Magic Dart
Press: ? - help, Shift-Dir - straight line, f/p - worker ant
Aim: a worker ant (almost dead)
The magic dart hits the worker ant.
You kill the worker ant!
You have reached level 6!
Your experience leads to an increase in your attributes!
Increase (S)trength, (I)ntelligence, or (D)exterity?
You feel clever.
Your demonic ancestry asserts itself...
Icy blue scales grow over part of your body.
* * * LOW HITPOINT WARNING * * *
You feel sick.
Are you sure you want to abandon this character and quit the game? (Confirm with "yes".)

#.#.##.........#
#..............#
#..####......>.# #..#
#..[.....# #..#
#........#
...####........#
#.###..........### ..
#..#....<.....##
..##.##......{.#@.# ..#..
######.####.###### ....#
#...........# #....###
#...........#
#>##...#####.....).....#
#.###.o.){.............#
......##...............##
......###..........(....#
....o.# #...............#


There were no monsters in sight!

Vanquished Creatures
  2 worker ants
  11 gnolls
  6 adders
  2 worms
  A dart slug (D:2)
  4 orcs (D:4)
  4 giant cockroaches
  4 goblins
  8 hobgoblins
  9 jackals
  A quokka (D:4)
  6 bats
  A frilled lizard (D:3)
  10 kobolds
  A leopard gecko skeleton (D:4)
  6 rats
76 creatures vanquished.

Notes
Turn   | Place    | Note
-------+----------+-------------------------------------------
     0 | D:1      | Kaname the Demonspawn Wizard began the quest for the Orb.
     0 | D:1      | Reached XP level 1. HP: 13/13 MP: 4/4
   174 | D:1      | Reached skill level 2 in Conjurations
   235 | D:1      | Gained mutation: You have a pair of small antennae on your head. [demonic ancestry]
   235 | D:1      | Reached XP level 2. HP: 19/19 MP: 1/6
   271 | D:1      | Learned a level 2 spell: Blink
   647 | D:2      | Reached skill level 3 in Conjurations
   654 | D:2      | Reached XP level 3. HP: 18/24 MP: 2/7
   655 | D:2      | Reached skill level 1 in Translocations
   718 | D:2      | Learned a level 3 spell: Mephitic Cloud
   813 | D:2      | Reached skill level 1 in Air Magic
   921 | D:2      | Reached skill level 1 in Poison Magic
  1047 | D:2      | Reached XP level 4. HP: 30/30 MP: 6/8
  1193 | D:2      | Learned a level 3 spell: Conjure Flame
  1325 | D:2      | Reached skill level 4 in Conjurations
  1349 | D:2      | Gained mutation: You have a pair of antennae on your head. [demonic ancestry]
  1349 | D:2      | Reached XP level 5. HP: 23/35 MP: 0/9
  1610 | D:2      | Found a faded altar of an unknown god.
  2356 | D:4      | Reached skill level 5 in Conjurations
  2514 | D:4      | Found a staircase to the Ecumenical Temple.
  2581 | D:4      | Gained mutation: You are partially covered in icy blue scales. (AC +2) [demonic ancestry]
  2581 | D:4      | Reached XP level 6. HP: 7/41 MP: 0/10
  2582 | D:4      | Quit the game

Vault maps used:
D:1:      dpeg_arrival_boxorama
D:2:      kennysheep_six_static_rooms, chequers_ecumenical_altar_twisty
D:4:      temple_pool_b, grunt_ministairs_14,
          eino_small_chamber_without_monster, fountainhead

Skill      XL: |  1  2  3  4  5 |
---------------+----------------+-----
Conjurations   | 2 3 4 5 |  5.6
Translocations | 1 |  1.0
Air Magic      | 1 |  1.0
Poison Magic   | 1 |  1.4
Dodging        | |  1.7
Stealth        | |  1.7
Spellcasting   | |  3.0
Summonings     | |  1.0

Action                   |  1- 3 |  4- 6 || total
-------------------------+-------+-------++-------
Melee: Unarmed           |    18 |       ||    18
       Short sword       |    17 |     3 ||    20
       Whip              |     2 |       ||     2
       Halberd           |       |    69 ||    69
 Cast: Magic Dart        |    59 |    91 ||   150
       Mephitic Cloud    |       |     2 ||     2
  Use: Potion            |       |     1 ||     1
       Scroll            |       |     1 ||     1
 Stab: Sleeping          |       |     3 ||     3
       Distracted        |       |     1 ||     1
  Eat: Chunk             |       |     3 ||     3
       Fruit             |       |     1 ||     1
Armor: Robe              |     8 |    12 ||    20
       Skin              |       |     9 ||     9
Dodge: Dodged            |    30 |    58 ||    88

Table legend:
 A = Spawn XP
 B = Non-spawn XP
 C = Spawn XP percentage of total XP
 D = Spawn monster count
 E = Non-spawn monster count
 F = Spawn count percentage of total count
 G = Total turns spent on level
                    A         B        C        D         E        F      G
               +---------+---------+-------+---------+---------+-------+---------
         Total |       0 |     406 |   0.0 |       0 |      76 |   0.0 |  2582
               +---------+---------+-------+---------+---------+-------+---------
           D:1 |       0 |      22 |   0.0 |       0 |      14 |   0.0 |   586
           D:2 |       0 |     228 |   0.0 |       0 |      34 |   0.0 |  1166
           D:3 |       0 |      73 |   0.0 |       0 |      18 |   0.0 |   614
           D:4 |       0 |      83 |   0.0 |       0 |      10 |   0.0 |   216
               +---------+---------+-------+---------+---------+-------+---------
